 Dungeon Crawl Stone Soup version 0.16-a0-2939-g3ffa1c3 (webtiles) character file.

52 RobertPalmer the Vexing (level 3, 0/19 HPs)
             Began as a Deep Elf Enchanter on Dec 3, 2014.
             Shot with a sling bullet of flame by a goblin (4 damage)
             ... led by Robin
             ... on level 2 of the Dungeon.
             The game lasted 00:03:20 (1412 turns).

RobertPalmer the Vexing (Deep Elf Enchanter)        Turns: 1412, Time: 00:03:20

Health: 0/19       AC:  4    Str:  5    XL:     3   Next: 60%
Magic:  0/10       EV: 13    Int: 19    God:
Gold:   123        SH:  0    Dex: 16    Spells: 4 memorised, 0 levels left

rFire  . . .     SeeInvis .     a - +1 dagger
rCold  . . .     Clarity  .     b - +1 robe
rNeg   . . .     SustAb   .     (no shield)
rPois  +         Gourm    .     (no helmet)
rElec  .         Spirit   .     (no cloak)
rCorr  .         Warding  .     l - +0 pair of gloves
rMut   .         Stasis   .     (no boots)
MR     .....                    (no amulet)
Stlth  +++.......               (no ring)
                                o - ring of poison resistance

@: not resistant to hostile enchantments, fairly stealthy
A: no striking features
a: no special abilities


You were on level 2 of the Dungeon.
You were hungry.

You visited 1 branch of the dungeon, and saw 2 of its levels.

You collected 123 gold pieces.


   Skills:
 + Level 2.0 Short Blades
 - Level 2.4 Dodging
 - Level 3.6 Stealth
 - Level 3.0 Spellcasting
 - Level 5.6 Hexes


You couldn't memorise any spells.
You knew the following spells:

 Your Spells              Type           Power        Failure   Level  Hunger
x - Confuse               Hex            ###.....     6%          3    ###....
z - Ensorcelled Hibernat  Hex/Ice        ##....       10%         2    ##.....
X - Sure Blade            Hex/Chrm       ##........   10%         2    ##.....
Z - Corona                Hex            ###....      1%          1    None

Inventory:

Hand weapons
 a - a +1 dagger (weapon)
Armour
 b - a +1 robe (worn)
 l - a +0 pair of gloves (worn)
Jewellery
 o - a ring of poison resistance (left hand)
Scrolls
 e - a scroll of identify
 f - 3 scrolls of remove curse
 i - a scroll of random uselessness {unknown}
 j - a scroll of amnesia {unknown}
 k - a scroll of fog {unknown}
 m - a scroll of magic mapping {unknown}
Potions
 g - a potion of haste {unknown}
 h - a potion of might {unknown}
 p - 2 potions of restore abilities {unknown}
 r - 2 potions of poison
Books
 c - a book of Maledictions
Comestibles
 d - 3 bread rations
 n - a meat ration
 q - a chunk of flesh {@w1}

Dungeon Overview and Level Annotations

Branches:
Dungeon (2/15)

Altars:
Fedhas
Gozag

Annotations:
D:2 Robin

#.....(####..#.)_..#....#'#
#.(....).....###.#.#....#.#
#.........g..#.....#....#.#
#............###.###.##.#..
#.............(.........#..
#..........g..##....##.....
#...........g..#.....'.....
##.............#.....#.....
#........e..(.#.....#.)...
#.............#.....####..
#########.....#.....# #..
#.....#.....# ###
#.....#.....# #.....#######
#######


You could see Robin and 2 goblins.


Message History

The sling bullet of flame hits you. The sling bullet of flame burns you.
* * * LOW HITPOINT WARNING * * *
Things that are here:
a sling bullet of flame; a dagger Robin hits you but does no damage.
Robin throws the goblin at you! The goblin closely misses you.
You are feeling hungry.
You hit the goblin.
The goblin is lightly wounded.
The goblin hits you with a club.
* * * LOW HITPOINT WARNING * * *
You closely miss the goblin.
The goblin is lightly wounded.
Robin hits you but does no damage.
Aiming: Confuse
Aim: Robin, wielding a spear, wearing an animal skin and wearing a helmet Robin resists with significant effort.
The goblin misses you. Robin hits you from afar with a spear.
* * * LOW HITPOINT WARNING * * *
The goblin shoots a sling bullet of flame.
The sling bullet of flame barely misses you.
Unknown command.
Robin closely misses you.
The goblin shoots a sling bullet of flame.
The sling bullet of flame barely misses you.
Robin roars a battlecry!
The goblins go into a battle-frenzy!
The goblin shoots a sling bullet of flame.
The sling bullet of flame hits you.
You die...

Action                   || total
-------------------------++-------
Melee: Dagger            ||   107
 Cast: Corona            ||     2
       Ensorcelled Hiber ||    10
       Confuse           ||     5
  Use: Scroll            ||     3
 Stab: Sleeping          ||    12
  Eat: Chunk             ||     2

Vault maps used:
D:1:      shiori_arrival_elements, minivault_24
D:2:      grunt_temple_overflow_forces_of_nature, cheibriados_altar_1,
          nicolae_gozag_cash_rules_everything_around_me, first_bread, uniq_robin

Notes
Turn   | Place    | Note
--------------------------------------------------------------
     0 | D:1      | RobertPalmer, the Deep Elf Enchanter, began the quest for the Orb.
     0 | D:1      | Reached XP level 1. HP: 10/10 MP: 5/5
   455 | D:1      | Reached XP level 2. HP: 12/15 MP: 8/8
   459 | D:1      | Learned a level 2 spell: Ensorcelled Hibernation
   462 | D:1      | Learned a level 2 spell: Sure Blade
   806 | D:2      | Found an opulent altar of Gozag.
   834 | D:2      | Reached skill level 5 in Hexes
  1088 | D:2      | Reached XP level 3. HP: 19/19 MP: 5/10
  1105 | D:2      | Learned a level 3 spell: Confuse
  1268 | D:2      | Found a blossoming altar of Fedhas.
  1318 | D:2      | Noticed Robin
  1380 | D:2      | Reached skill level 2 in Short Blades
  1412 | D:2      | Shot with a sling bullet of flame by a goblin

Vanquished Creatures
  A gnoll (D:2)
  An adder (D:2)
  A worm (D:2)
  A giant gecko (D:1)
  4 giant cockroaches
  4 hobgoblins
  4 kobolds
  A bat (D:1)
  A giant newt (D:2)
  7 goblins (D:2)
  4 rats
29 creatures vanquished.
